 Dungeon Crawl Stone Soup version 0.31-a0-466-g98c9adc2b6 (webtiles) character file.

Game seed: 8067718347193588983

21 Gelion the Changeling (level 2, 0/18 HPs)
             Began as an Octopode Shapeshifter on Aug 5, 2023.
             Slain by Sigmund
             ... wielding a +0 scythe
              (3 damage)
             ... on level 2 of the Dungeon.
             The game lasted 00:02:42 (992 turns).

Gelion the Changeling (Octopode Shapeshifter)        Turns: 992, Time: 00:02:43

Health: 0/18       AC:  1    Str: 14    XL:     2   Next: 87%
Magic:  2/2        EV: 13    Int: 10    God:
Gold:   98         SH:  0    Dex: 12    Spells: 1/1 levels left

rFire   . .          .
                       - Unarmed
rCold   . . .        (no shield)
rNeg    . . .        (helmet currently unavailable)
rPois   .            h - amulet of the acrobat
rElec   .            (no ring)
rCorr   .            (no ring)
SInv    .            (no ring)
Will    .....        (no ring)
Stlth   ++           (no ring)
HPRegen 0.23/turn    (no ring)
MPRegen 0.08/turn    (no ring)
                     (no ring)

%: acrobat
@: beast-form
A: beast (slay +2), almost no armour, amphibious, 8 rings, camouflage 1,
gelatinous body 1, (nimble swimmer 1), tentacles
a: Begin Untransformation


You were on level 2 of the Dungeon.
You were a hulking beast.
You visited 1 branch of the dungeon, and saw 2 of its levels.

You collected 98 gold pieces.

Inventory:

Jewellery
 h - an amulet of the acrobat (around mantle)
Talismans
 b - a beast talisman (active)
Scrolls
 c - 2 scrolls of teleportation {unknown}
 d - 3 scrolls of revelation {unknown}
 f - 3 scrolls of enchant weapon {unknown}
Potions
 a - a potion of lignification
 e - a potion of degeneration {unknown}
 g - a potion of curing {unknown}
 i - a potion of cancellation {unknown}


   Skills:
 + Level 1.5 Fighting
 - Level 2.0 Dodging
 + Level 3.2 Unarmed Combat
 * Level 3.3 Shapeshifting


You had one spell level left.
You didn't know any spells.
Your spell library was empty.

Dungeon Overview and Level Annotations

Branches:
Dungeon (2/15)

Altars:

Annotations:
D:2 Sigmund


Innate Abilities, Weirdness & Mutations

You are a hulking beast.
Your limbs bulge with bestial killing power. (Slay +2)
You cannot wear most types of armour.
You are amphibious.
You can wear up to eight rings at the same time.
Your skin changes colour to match your surroundings (Stealth+).
Your rubbery body absorbs attacks. (AC +1, EV +1)
((You are camouflaged when in or above water. (Stealth+)))
You have tentacles for arms and can constrict up to eight enemies at once.


Message History

You tentacle-slap the worm. You squeeze the worm.
The worm is almost dead.
You constrict the worm. You tentacle-slap the worm.
You kill the worm!
No target in view!
No target in view!
No target in view!
You now have 86 gold pieces (gained 7).
Found a stone staircase leading up.
Found a stone staircase leading down.
No target in view!
No target in view!
No target in view!
No target in view!
No target in view!
No target in view!
No target in view!
i - a pink potion You now have 89 gold pieces (gained 3).
Found a stone staircase leading down.
You now have 98 gold pieces (gained 9).
Found 4 stones.
Sigmund the Dreaded comes into view.
He is wielding a +0 scythe.
Sigmund shouts!
Found a scroll labelled BODIACS ODGHY.
Sigmund flickers, as though insubstantial.
Sigmund mumbles some strange words.
Sigmund flickers and vanishes!
Deactivating autopickup; reactivate with Ctrl-A.
You see here 4 stones.
A magic dart appears from out of thin air!
The magic dart hits you. Something hits you!
* * * LOW HITPOINT WARNING * * *
You tentacle-slap something. Something hits you.
* * * LOW HITPOINT WARNING * * *
You tentacle-slap something. You squeeze something. You barely miss something.
Something hits you.
You die...

#.# #.#### #....#
###....## #. #.......#
#. #...##..# #####.
###(#####.####.....
###....# #..........
#...h..#####..#...###
#..{.....>......###
#...........####...###
#.....................
.?.....###......#####..
..#...........#.. .#
###
####....###.###..#^##
.........####....#
#....#...#...


There were no monsters in sight!

Vanquished Creatures
  2 worms (D:2)
  A bat (D:1)
  A giant cockroach (D:1)
  A goblin (D:1)
  2 hobgoblins (D:1)
  2 jackals (D:1)
  A ball python (D:1)
  3 kobolds
  A rat (D:1)
  A spectral hobgoblin (D:1)
15 creatures vanquished.

Notes
Turn   | Place    | Note
-------+----------+-------------------------------------------
     0 | D:1      | Gelion the Octopode Shapeshifter began the quest for the
                  | Orb.
     0 | D:1      | Reached XP level 1. HP: 13/13 MP: 1/1
   301 | D:1      | Reached XP level 2. HP: 18/18 MP: 2/2
   652 | D:1      | Found a faded altar of an unknown god.
   985 | D:2      | Noticed Sigmund
   992 | D:2      | Slain by Sigmund

Illustrated notes

Levels and vault maps discovered:
D:1:      evilmike_arrival_rings, layout_basic,
          dreamdust_ecumenical_altar_drowned_temple
D:2:      layout_rooms, uniq_sigmund, uniq_crazy_yiuf_cottage

Action                     || total
---------------------------++-------
  Melee: Unarmed           ||    33
         Constrict         ||     8
         Tentacles         ||     7
         Punch             ||     2
   Stab: Sleeping          ||     5
  Dodge: Dodged            ||    12

Table legend: (Time is in decaauts)
 A = Elapsed time spent in this place.
 B = Non-inter-level travel time spent in this place.
 C = Inter-level travel time spent in this place.
 D = Time resting spent in this place.
 E = Time spent auto-exploring this place.
 F = Levels seen in this place.
 G = Mean time per level.
                   A        B        C        D        E       F      G
               +--------+--------+--------+--------+--------+-----+--------+
         Total |    989 |    970 |     19 |      0 |    846 |   2 |  494.5 |
       Dungeon |    989 |    970 |     19 |      0 |    846 |   2 |  494.5 |
               +--------+--------+--------+--------+--------+-----+--------+

Top non-repeatable levels by time:
     D:1: 859 daAuts
     D:2: 130 daAuts
